 Dungeon Crawl Stone Soup version 0.29.1 (webtiles) character file.

Game seed: 6707518389094973516

3802 RascalDebosk the Cleaver (level 9, -3/82 HPs)
             Began as a Minotaur Berserker on Sept 12, 2022.
             Was a Priest of Trog.
             Slain by a yak (7 damage)
             ... on level 8 of the Dungeon.
             The game lasted 00:45:44 (7871 turns).

RascalDebosk the Cleaver (Minotaur Berserker)       Turns: 7871, Time: 00:45:45

Health: -3/82      AC: 13    Str: 30    XL:     9   Next: 96%
Magic:  8/8        EV:  9    Int:  6    God:    Trog [***...]
Gold:   428        SH:  3    Dex: 10    Spells: 8/8 levels left

rFire   . . .      SeeInvis .   a - +0 hand axe
rCold   + . .      Faith    .   d - +0 buckler
rNeg    . . .      Spirit   .   n - +0 chain mail {rC+}
rPois   .          Reflect  .   (helmet restricted)
rElec   .          Harm     .   k - +1 cloak
rCorr   .          Rampage  .   (no gloves)
Will    .....                   (no boots)
Stlth   ..........              h - amulet of regeneration
HPRegen 1.03/turn               w - +6 ring of strength
MPRegen 0.11/turn               (no ring)

@: on berserk cooldown, slowed, very slow
A: horns 2, retaliatory headbutt
a: Renounce Religion, Berserk, Trog's Hand


You were on level 8 of the Dungeon.
You worshipped Trog.
Trog was most pleased with you.
You visited 2 branches of the dungeon, and saw 9 of its levels.
You also visited: Sewer.

You collected 428 gold pieces.

Inventory:

Hand Weapons
 a - a +0 hand axe (weapon)
 b - a +0 whip of flaming
 y - a +2 flail of protection
Missiles
 o - 5 javelins
 p - 12 poisoned darts (quivered)
 t - 2 curare-tipped darts
 z - a boomerang
Armour
 d - a +0 buckler (worn)
 k - a +1 cloak (worn)
 n - a +0 chain mail of cold resistance (worn)
Jewellery
 f - a ring of fire
 h - an amulet of regeneration (around neck)
 w - a +6 ring of strength (left hand)
 A - a ring of ice
Wands
 x - a wand of roots (4)
Scrolls
 c - a scroll of poison
 e - 4 scrolls of teleportation
 g - 3 scrolls of magic mapping
 s - a scroll of butterflies
 u - a scroll of brand weapon
 C - a scroll of vulnerability {unknown}
Potions
 i - 2 potions of resistance
 j - 3 potions of invisibility
 l - a potion of flight
 m - a potion of curing {unknown}
 q - a potion of heal wounds
 r - 3 potions of might
 v - a potion of haste
 B - a potion of berserk rage {unknown}


   Skills:
 + Level 8.5 Fighting
 + Level 8.5 Axes
 + Level 6.2 Throwing
 + Level 8.0 Armour
 - Level 2.1 Dodging
 + Level 5.7 Evocations


You had 8 spell levels left.
You didn't know any spells.
Your spell library was empty.

Dungeon Overview and Level Annotations

Branches:
Dungeon (8/15)             Temple (1/1) D:4            Lair (0/5) D:8
  Sewer (visited)

Altars:
Ashenzari
Cheibriados
Dithmenos
Elyvilon
Fedhas
Gozag
Hepliaklqana
Kikubaaqudgha
Nemelex Xobeh
Okawaru
Qazlal
Ru
Sif Muna
Trog
Uskayaw
Wu Jian
Zin


Innate Abilities, Weirdness & Mutations

You have a pair of horns on your head.
You reflexively headbutt those who attack you in melee.


Message History

Your Armour skill increases to level 8!
You hit the steam dragon.
The steam dragon is severely wounded.
You are engulfed in a cloud of scalding steam.
You feel sick. The steam dragon bites you. The steam dragon claws you.
* * * LOW HITPOINT WARNING * * *
The steam dragon bites you but does no damage.
The steam dragon claws you.
* * * LOW HITPOINT WARNING * * *
You hit the steam dragon.
The steam dragon is almost dead.
You feel sick. The steam dragon bites you.
* * * LOW HITPOINT WARNING * * *
The steam dragon closely misses you.
You hit the steam dragon.
The steam dragon is almost dead.
Your skin stops crawling.
You feel less strong-willed.
You feel sick.
You are no longer poisoned.
The steam dragon breathes steam at you. The ball of steam hits you!
* * * LOW HITPOINT WARNING * * *
You hit the steam dragon.
You kill the steam dragon!
Trog accepts your kill.
You are engulfed in a cloud of scalding steam.
* * * LOW HITPOINT WARNING * * *
The yak gores you but does no damage.
You hit the yak but do no damage.
You are engulfed in a cloud of scalding steam.
The yak is engulfed in a cloud of scalding steam.
The yak barely misses you.
You hit the yak. Your headbutt misses the yak.
The yak is lightly wounded.
The yak gores you!
* * * LOW HITPOINT WARNING * * *
You slash the yak!
The yak is heavily wounded.
The yak gores you!
You die...

### ...
#.#######
#........
#.Y....#. <.##@#
. #.##†# . ##
#>.#.#.#
#.##..#.#.#
######.##..#.#.#
.......##..#.#.#
.....##..#.#.#
...##.##.#.#
#.##..#.#.#


You could see a yak.

Vanquished Creatures
  Pikel (D:5)
  Psyche (D:8)
  Prince Ribbit (D:5)
  Grinder (D:5)
  A yak (D:8)
  A wyvern (D:7)
  Eustachio (D:5)
  A steam dragon (D:8)
  Menkaure (D:5)
  Edmund (D:4)
  A water moccasin (D:7)
  An ice beast (D:7)
  An ogre (D:7)
  A centaur (D:7)
  2 kobold brigands
  3 bullfrogs
  A necrophage (D:7)
  3 scorpions
  5 killer bees (D:8)
  2 orc priests (D:3)
  Crazy Yiuf (D:2)
  3 hounds
  2 iguanas (D:6)
  Terence (D:2)
  Natasha (thrice) (D:4)
  5 orc wizards
  A gnoll (D:3)
  12 adders
  5 river rats (Sewer)
  2 shadow imps
  3 white imps
  2 worms
  2 dart slugs
  18 orcs
  10 endoplasms
  3 giant cockroaches
  3 goblins
  2 hobgoblins
  4 jackals
  3 quokkas
  12 ball pythons
  6 bats
  5 frilled lizards
  13 kobolds
  8 rats
159 creatures vanquished.

Vanquished Creatures (others)
  21 plants
21 creatures vanquished.

Grand Total: 180 creatures vanquished

Notes
Turn   | Place    | Note
-------+----------+-------------------------------------------
     0 | D:1      | RascalDebosk the Minotaur Berserker began the quest for the
                  | Orb.
     0 | D:1      | Reached XP level 1. HP: 19/19 MP: 0/0
   201 | D:1      | Reached XP level 2. HP: 17/27 MP: 1/1
   673 | D:1      | Found a faded altar of an unknown god.
   910 | D:2      | Reached ** piety under Trog
   911 | D:2      | Reached skill level 1 in Throwing
   911 | D:2      | Reached XP level 3. HP: 31/33 MP: 2/2
  1003 | D:2      | Found a runed translucent door.
  1004 | D:2      | Noticed Crazy Yiuf
  1011 | D:2      | Killed Crazy Yiuf
  1012 | D:2      | Reached skill level 1 in Evocations
  1144 | D:2      | Noticed Terence
  1152 | D:2      | Killed Terence
  1153 | D:2      | Reached XP level 4. HP: 40/40 MP: 3/3
  1677 | D:3      | Found a glowing silver altar of Zin.
  1848 | D:3      | Found a glowing drain.
  1857 | Sewer    | Entered a sewer
  1902 | Sewer    | Reached XP level 5. HP: 47/47 MP: 4/4
  2347 | Sewer    | Reached XP level 6. HP: 39/55 MP: 5/5
  2524 | Sewer    | Reached *** piety under Trog
  2841 | D:3      | Reached skill level 5 in Fighting
  2843 | D:3      | Reached skill level 5 in Axes
  3032 | D:3      | Found a shadowy altar of Dithmenos.
  3032 | D:3      | Noticed a shadow
  3033 | D:3      | Found a hazy altar of Hepliaklqana.
  3225 | D:4      | Noticed Natasha
  3232 | D:4      | Killed Natasha
  3263 | D:4      | Noticed Natasha
  3276 | D:4      | Killed Natasha
  3357 | D:4      | Noticed Natasha
  3359 | D:4      | Found a staircase to the Ecumenical Temple.
  3370 | D:4      | Killed Natasha
  3371 | D:4      | Reached XP level 7. HP: 55/61 MP: 6/6
  3450 | D:4      | Noticed Edmund
  3461 | D:4      | Killed Edmund
  3578 | D:4      | Reached skill level 5 in Armour
  4165 | D:5      | Entered Level 5 of the Dungeon
  4165 | D:5      | Noticed Pikel
  4172 | D:5      | Killed Pikel
  4173 | D:5      | Reached XP level 8. HP: 71/71 MP: 7/7
  4248 | D:5      | Noticed Prince Ribbit
  4267 | D:5      | Killed Prince Ribbit
  4631 | D:5      | Noticed Eustachio
  4645 | D:5      | Killed Eustachio
  4832 | D:5      | Noticed Grinder
  4840 | D:5      | Paralysed by Grinder for 3 turns
  4850 | D:5      | Killed Grinder
  4851 | D:5      | Reached skill level 5 in Throwing
  5135 | D:5      | Noticed Menkaure
  5139 | D:5      | Killed Menkaure
  5140 | D:5      | Reached XP level 9. HP: 63/79 MP: 8/8
  5452 | D:6      | Found a white marble altar of Elyvilon.
  6221 | Temple   | Entered the Ecumenical Temple
  6508 | D:7      | Reached skill level 5 in Evocations
  7677 | D:8      | Noticed Psyche
  7691 | D:8      | Killed Psyche
  7714 | D:8      | Found a staircase to the Lair.
  7870 | D:8      | HP: 2/82 [yak (12)]
  7871 | D:8      | Slain by a yak

Illustrated notes

Levels and vault maps discovered:
D:1:      lemuel_arrival_lava_pool, layout_basic,
          chequers_ecumenical_altar_lobes
D:2:      layout_basic, chequers_serial_rivers_large_b, kennysheep_flooded_box,
          amcnicky_mini_pool_small, minmay_pentomino_p4,
          uniq_crazy_yiuf_cottage, uniq_terence
D:3:      layout_basic, riverfiend_overflow_shadow_ancestor,
          mainiacjoe_overflow_paths, portal_sewer_entry_d, cheibrodos_gnoll_hut
D:4:      layout_cave_pools, minmay_temple_entry_waves,
          chequers_serial_rivers_large_a, uniq_edmund, uniq_natasha
D:5:      layout_loops_corners, hangedman_decor_diamond_cutter, chequers_jeans,
          uniq_menkaure, uniq_prince_ribbit1, uniq_grinder, uniq_pikel,
          uniq_eustachio
D:6:      layout_basic, mainiacjoe_overflow_six_doors_small
D:7:      layout_gridville
D:8:      layout_basic, lair_entry_dummy, serial_co_window_serial,
          co_window_paths_a, co_window_paths_b, co_window_paths_b,
          co_window_paths_b, co_window_paths_a, co_window_of_opportunity_a,
          co_window_paths_a, co_window_corner_b, co_window_broadway_c,
          co_window_2corner, co_window_broadway_b, co_window_2corner,
          co_window_broadway_a, co_window_4corner_a, glass_columns_b,
          uniq_psyche
Temple:   dshaligram_water_room_temple

Skill      XL: |  1  2  3  4  5  6  7  8  9 |
---------------+----------------------------+-----
Throwing       | 1 2 3 4 5 6 |  6.2
Axes           | 4 5 6 7 8 |  8.5
Fighting       | 4 5 6 7 8 |  8.5
Armour         | 3 4 5 6 8 |  8.0
Evocations     | 1 2 3 4 5 |  5.7
Dodging        | |  2.1

Action                   |  1- 3 |  4- 6 |  7- 9 || total
-------------------------+-------+-------+-------++-------
Melee: Hand axe          |    55 |   185 |   248 ||   488
       Headbutt          |     8 |    26 |    41 ||    75
Throw: Dart              |       |    11 |    16 ||    27
Invok: Berserk           |     2 |     2 |    10 ||    14
       Trog's Hand       |     1 |       |     2 ||     3
  Use: Scroll            |       |       |    14 ||    14
       Potion            |       |       |     6 ||     6
 Stab: Sleeping          |     1 |       |       ||     1
Armor: Animal skin       |    13 |       |       ||    13
       Chain mail        |       |   103 |   132 ||   235
Dodge: Dodged            |    40 |    71 |    90 ||   201
Block: Buckler           |     1 |    20 |    37 ||    58
